 Dungeon Crawl Stone Soup version 0.22.1-1-ga44c0e5 (webtiles) character file.

335 Ghost6211 the Shield-Bearer (level 6, -2/56 HPs)
             Began as a Minotaur Fighter on Sept 22, 2018.
             Slain by Prince Ribbit (12 damage)
             ... on level 5 of the Dungeon.
             The game lasted 00:05:37 (2751 turns).

Ghost6211 the Shield-Bearer (Minotaur Fighter)      Turns: 2751, Time: 00:05:37

Health: -2/56      AC:  9    Str: 22    XL:     6   Next: 28%
Magic:  5/5        EV:  8    Int:  5    God:
Gold:   201        SH: 10    Dex: 10    Spells: 5/5 levels left

rFire    + . .     SeeInvis .   a - +0 flail
rCold    . . .     Gourm    .   c - +0 shield
rNeg     . . .     Faith    .   b - +0 scale mail
rPois    .         Spirit   .   (helmet restricted)
rElec    .         Reflect  .   (no cloak)
rCorr    .         Harm     .   u - +1 pair of gloves
MR       .....                  (no boots)
Stlth    ..........             (no amulet)
HPRegen  0.18/turn              r - ring of protection from fire
MPRegen  0.09/turn              y - ring of wizardry

@: no status effects
A: retaliatory headbutt, horns 2
a: no special abilities


You were on level 5 of the Dungeon.
You were not hungry.

You visited 1 branch of the dungeon, and saw 5 of its levels.

You collected 201 gold pieces.

Inventory:

Hand Weapons
 a - a +0 flail (weapon)
Missiles
 e - 77 stones (quivered)
Armour
 b - a +0 scale mail (worn)
 c - a +0 shield (worn)
 u - a +1 pair of gloves (worn)
Jewellery
 q - an uncursed amulet of the gourmand
 r - a ring of protection from fire (left hand)
 w - an uncursed ring of fire
 x - an uncursed ring of fire
 y - a ring of wizardry (right hand)
Scrolls
 j - a scroll of enchant weapon {unknown}
 k - a scroll of blinking {unknown}
 l - a scroll of enchant armour {unknown}
 m - a scroll of amnesia {unknown}
 n - 2 scrolls of magic mapping {unknown}
 o - 2 scrolls of remove curse {unknown}
 p - a scroll of noise {unknown}
 s - a scroll of teleportation {unknown}
 t - a scroll of fog {unknown}
Potions
 d - 3 potions of might
 g - 2 potions of curing {unknown}
 h - a potion of lignification {unknown}
 i - a potion of agility {unknown}
 v - a potion of degeneration {unknown}
 z - a potion of invisibility {unknown}
Comestibles
 f - 8 rations


   Skills:
 + Level 5.2 Fighting
 + Level 4.5 Maces & Flails
 - Level 3.6 Armour
 * Level 6.5 Shields


You had 5 spell levels left.
You didn't know any spells.
Your spell library was empty.

Dungeon Overview and Level Annotations

Branches:
Dungeon (5/15)
 Temple: D:4-7

Altars:
Hepliaklqana
Sif Muna

Annotations:
D:5 Prince Ribbit


Innate Abilities, Weirdness & Mutations

You reflexively headbutt those who attack you in melee.
You have a pair of horns on your head.


Message History

You miss Prince Ribbit.
Prince Ribbit is moderately wounded.
Prince Ribbit hits you!
* * * LOW HITPOINT WARNING * * *
Prince Ribbit hits you but does no damage.
You sock Prince Ribbit!
Prince Ribbit is severely wounded.
Prince Ribbit barely misses you. Prince Ribbit hits you!
* * * LOW HITPOINT WARNING * * *
You barely miss Prince Ribbit. Your headbutt misses Prince Ribbit.
Prince Ribbit is severely wounded.
Prince Ribbit blinks!
Prince Ribbit blinks!
You barely miss Prince Ribbit.
Prince Ribbit is heavily wounded.
Prince Ribbit blinks!
Prince Ribbit hops awkwardly around.
Prince Ribbit blinks!
Prince Ribbit hits you!
You die...

#.......# #####'#.# #
#.#.# .. #.#.# ...
#.#.#####+# ....
#.#.......# .....
#.##......#
......#######.##......#
..........@F..##......#
..####.........'......#
.........#####......#
..#.......# ######.#
#.......# .# #.......#
# #.......# #.......#
.......


You could see Prince Ribbit.

Vanquished Creatures
  Blork the orc (D:4)
  A centaur skeleton (D:4)
  Terence (D:3)
  3 worker ants (D:4)
  Robin (D:3)
  3 adders
  A shadow imp (D:4)
  3 oozes
  A worm (D:2)
  A dart slug (D:2)
  5 leopard geckos
  10 bats
  4 giant cockroaches
  15 goblins
  12 hobgoblins
  6 kobolds
  2 quokkas
  A ball python (D:4)
  6 frilled lizards
  7 rats
84 creatures vanquished.

Notes
Turn   | Place    | Note
-------+----------+-------------------------------------------
     0 | D:1      | Ghost6211 the Minotaur Fighter began the quest for the Orb.
     0 | D:1      | Reached XP level 1. HP: 19/19 MP: 0/0
    82 | D:1      | Reached skill level 4 in Shields
    87 | D:1      | Reached XP level 2. HP: 22/27 MP: 1/1
   611 | D:2      | Reached XP level 3. HP: 33/33 MP: 2/2
   734 | D:2      | Found a hazy altar of Hepliaklqana.
  1188 | D:3      | Noticed Robin
  1207 | D:3      | Reached XP level 4. HP: 36/40 MP: 3/3
  1211 | D:3      | Reached skill level 5 in Shields
  1213 | D:3      | Killed Robin
  1381 | D:3      | Noticed Terence
  1387 | D:3      | Killed Terence
  1429 | D:3      | Found a deep blue altar of Sif Muna.
  2000 | D:4      | Reached XP level 5. HP: 47/47 MP: 4/4
  2017 | D:4      | Noticed Blork the orc
  2026 | D:4      | Killed Blork the orc
  2026 | D:4      | Reached skill level 6 in Shields
  2102 | D:4      | Reached skill level 5 in Fighting
  2180 | D:4      | Reached XP level 6. HP: 46/56 MP: 5/5
  2699 | D:5      | Entered Level 5 of the Dungeon
  2737 | D:5      | Noticed Prince Ribbit
  2751 | D:5      | Slain by Prince Ribbit

Skill      XL: |  1  2  3  4  5 |
---------------+----------------+-----
Shields        | 4 5 6 |  6.5
Fighting       | 4 5 |  5.2
Maces & Flails | 3 4 |  4.5
Armour         | |  3.6

Action                   |  1- 3 |  4- 6 || total
-------------------------+-------+-------++-------
Melee: Flail             |   136 |   115 ||   251
       Headbutt          |    15 |    16 ||    31
  Use: Scroll            |     1 |     4 ||     5
  Eat: Ration            |     2 |       ||     2
Armor: Scale mail        |    72 |    42 ||   114
Dodge: Dodged            |    58 |    27 ||    85
Block: Shield            |    85 |    62 ||   147
